[Event "*** Titled Tuesday Blitz"]
[Site "Chess.com"]
[Date "2020.03.03"]
[Round "3"]
[White "hongnhung1234"]
[Black "Vegan4future"]
[Result "0-1"]
[WhiteElo "2262"]
[BlackElo "2549"]
[TimeControl "180+1"]
[EndTime "9:29:40 PST"]
[Termination "Vegan4future won on time"]

1. e4 e5 2. Nf3 d6 3. d4 exd4 4. Nxd4 Nf6 5. Nc3 Be7 6. Bc4 O-O 7. O-O Nxe4 8. Nxe4 d5 9. Bd3 dxe4 10. Bxe4 Re8 11. c3 c5 12. Nf5 Bf8 13. Qf3 Qb6 14. Bf4 Nd7 15. Ng3 Nf6 16. Bc2 c4 17. h3 Qxb2 18. Ba4 Bd7 19. Bxd7 Nxd7 20. Rfb1 Qc2 21. Rxb7 Nc5 22.
Rc7 Ne6 23. Rb7 Qg6 24. Rd1 Rad8 25. Rxd8 Rxd8 26. Rxa7 Nxf4 27. Qxf4 Bd6 28. Qh4 Re8 29. Nf1 h6 30. Rd7 Bc5 31. Qxc4 Bxf2+ 32. Kxf2 Qf5+ 33.
Kg1 Qxd7 34. a4 Qa7+ 35. Kh2 Ra8 36. Ng3 Qb8 37. Qe4 h5 38. Qf5 g6 39. Qg5 Rxa4 40.
Kh1 h4 41. Nf1 Ra1 42. Qf4 Qxf4 0-1

[Event "*** Titled Tuesday Blitz"]
[Site "Chess.com"]
[Date "2020.03.03"]
[Round "3"]
[White "Safar_From_Afar"]
[Black "Dave_ChessMate"]
[Result "0-1"]
[WhiteElo "2125"]
[BlackElo "2447"]
[TimeControl "180+1"]
[EndTime "9:29:40 PST"]
[Termination "Dave_ChessMate won on time"]

1. e4 c5 2. Nc3 Nc6 3. Bb5 g6 4. Bxc6 dxc6 5. d3 Bg7 6. Be3 b6 7. Qd2 h6 8. O-O-O Nf6 9. h3 Nd7 10. f4 b5 11. Nf3 b4 12. Ne2 Ba6 13. e5 Qa5 14. Kb1 Rd8 15. Nc1 Bb5 16. Qf2 Qb6 17.
Nb3 a5 18. Nxc5 Nxc5 19. Bxc5 Qb7 20. Rhe1 O-O 21. g4 Rd5 22. f5 Rb8 23. d4 a4 24.
Nd2 b3 25. cxb3 axb3 26. a3 Bd3+ 27. Ka1 Bc2 28. f6 exf6 29. exf6 Bf8 30. Bxf8 Rxf8 31.
Re7 Qb5 32. Qh4 Kh7 33. Rde1 Qd3 34. Ne4 Ra5 35. g5 h5 36. Rxf7+ Rxf7 37. Nd6 Rxa3+ 0-1

[Event "*** Titled Tuesday Blitz"]
[Site "Chess.com"]
[Date "2020.03.03"]
[Round "3"]
[White "Terao90"]
[Black "nonscitis"]
[Result "0-1"]
[WhiteElo "2414"]
[BlackElo "2622"]
[TimeControl "180+1"]
[EndTime "9:29:42 PST"]
[Termination "nonscitis won on time"]

1. d4 Nf6 2. Nf3 g6 3. Bg5 Bg7 4. Nbd2 d5 5. e3 O-O 6. Be2 Nbd7 7. O-O h6 8. Bh4 c6 9. c4 Re8 10. b4 e5 11. cxd5 g5 12. dxc6 bxc6 13. Bg3 Nd5 14. Bc4 e4 15. Ne1 N7b6 16. a3 Nxc4 17. Nxc4 Ba6 18.
Rc1 Nb6 19. Nd6 Re6 20. Rxc6 Bxf1 21. d5 Be2 22. Qxe2 Nxd5 23. Qc4 Nb6 24. Qc2 Bf8 25. Nxe4 Rxc6 26. Qxc6 Rc8 27. Qb5 Rc1 28. f3 Bg7 29.
h3 Qd7 30. Qe2 Ra1 31. Nc5 Qd1 32. Qxd1 Rxd1 0-1

[Event "*** Titled Tuesday Blitz"]
[Site "Chess.com"]
[Date "2020.03.03"]
[Round "3"]
[White "shanemelaughcm"]
[Black "Eliclax"]
[Result "0-1"]
[WhiteElo "2262"]
[BlackElo "1895"]
[TimeControl "180+1"]
[EndTime "9:29:42 PST"]
[Termination "Eliclax won on time"]

1. e4 e5 2. Nf3 Nc6 3. d4 exd4 4. Bc4 Bb4+ 5. c3 dxc3 6. bxc3 Qf6 7. Bg5 Bxc3+ 8.
Kf1 Bxa1 9. Bxf6 Bxf6 10. Qd5 Nh6 11. e5 Bd8 12. Nc3 Ne7 13. Qe4 Rb8 14. Ng5 b6 15.
Qf4 Ng6 16. Bxf7+ Ke7 17. Qc4 Ba6 18. Qxa6 Nxf7 19. Nxf7 Kxf7 20. Qc4+ Ke8 21. e6 dxe6 22.
Qxe6+ Be7 23. Nd5 Rd8 24. Nxc7+ Kf8 25. g3 Rd6 26. Qc8+ Rd8 27. Ne6+ Ke8 28. Nxd8 Bxd8 29. Qc6+ Kf8 30. Kg2 Ne7 31. Qd7 Kf7 32. Re1 Re8 0-1

[Event "*** Titled Tuesday Blitz"]
[Site "Chess.com"]
[Date "2020.03.03"]
[Round "3"]
[White "Blitzstream"]
[Black "Orest_Vovk"]
[Result "0-1"]
[WhiteElo "2759"]
[BlackElo "2521"]
[TimeControl "180+1"]
[EndTime "9:29:44 PST"]
[Termination "Orest_Vovk won by resignation"]

1. d4 Nc6 2. Nf3 d6 3. e4 Bg4 4. Be2 e6 5. c4 Be7 6. Be3 Bxf3 7. Bxf3 Bg5 8. Nc3 Bxe3 9. fxe3 Qg5 10. Qd2 Nf6 11.
O-O-O O-O-O 12. Kb1 h5 13. Ka1 Ng4 14. Rde1 e5 15.
d5 Ne7 16. h3 Nf6 17. Rc1 Kd7 18. Bd1 c6 19. Ba4 Ke8 20. Rhf1 Kf8 21. Rf3 c5 22. Rcf1 Rh6 23. R1f2 h4 24. Ne2 b6 25. Bc6 Nxe4 26.
Rxf7+ Kg8 27. Qe1 Nxf2 28. Qxf2 Rf6 29. Rxf6 Qxf6 30. Qe1 Rf8 31. a4 Qf1 32. Qxf1 Rxf1+ 33. Ka2 Rf2 34. Nc3 Rxg2 35. Nb5 Rg3 36. Bd7 Rxe3 37. Nxa7 Rf3 38. Nc8 Nxc8 39. Bxc8 e4 40. Bg4 Rf4 41. b4 cxb4 42. Kb3 e3 43. Kc2 Rf2+ 44.
Kd3 b3 45. c5 bxc5 46. Kc4 b2 0-1

[Event "*** Titled Tuesday Blitz"]
[Site "Chess.com"]
[Date "2020.03.03"]
[Round "3"]
[White "almaguerjm"]
[Black "doons21"]
[Result "0-1"]
[WhiteElo "2337"]
[BlackElo "2592"]
[TimeControl "180+1"]
[EndTime "9:29:44 PST"]
[Termination "doons21 won by resignation"]

1. d4 Nf6 2. Nc3 g6 3. Bf4 d5 4.
Qd2 Bf5 5. f3 Nc6 6. g4 Be6 7.
Nb5 Rc8 8. c3 h5 9. g5 Nd7 10.
h4 Nb6 11. e3 Bg7 12. Qh2 Na8 13. Bd3 a6 14. Na3 O-O 15. Ne2 b5 16. O-O Nb6 17.
b3 Qd7 18. Nxb5 axb5 19. Bxb5 Na8 20. a4 Qe8 21. e4 Bd7 22. exd5 Na5 23. Ba6 Rb8 24.
b4 Nb7 25. a5 Nd6 26. Nc1 Bb5 27. Bxb5 Qxb5 28. Re1 Rfe8 29. Qa2 Nf5 30. Be5 Nxh4 31. Bxg7 Nxf3+ 32. Kf2 Nxe1 33. Be5 Nd3+ 34. Nxd3 Qxd3 35. Rc1 Qf5+ 36. Ke2 Qxg5 37. Qc2 Qg2+ 38. Kd3 Qxd5 39. Rg1 Qf3+ 40. Kc4 Qc6+ 41. Kb3 Qe6+ 42. Ka3 Rb5 43.
Rg5 c6 44. Qg2 Nc7 45. Kb2 Nd5 46. Kc2 Ne3+ 0-1

[Event "*** Titled Tuesday Blitz"]
[Site "Chess.com"]
[Date "2020.03.03"]
[Round "3"]
[White "Region_07"]
[Black "MartinCerveny"]
[Result "0-1"]
[WhiteElo "2407"]
[BlackElo "2619"]
[TimeControl "180+1"]
[EndTime "9:29:45 PST"]
[Termination "MartinCerveny won on time"]

1. d4 d6 2. e4 Nf6 3. Nc3 e5 4.
Nf3 Nbd7 5. Be3 Be7 6. h3 O-O 7. Qd2 a5 8. Be2 c6 9. a4 Re8 10. O-O exd4 11. Nxd4 Nc5 12. f3 Bf8 13. Rad1 d5 14.
exd5 Nxd5 15. Nxd5 Qxd5 16. Rfe1 Nxa4 17. b3 Nc5 18.
Bc4 Qh5 19. Bf2 Be6 20. Nxe6 Nxe6 21. Bxe6 Rxe6 22. Rxe6 fxe6 23. Qd7 Qf7 24. Qxf7+ Kxf7 25. Rd7+ Kg6 26. Rxb7 a4 27. bxa4 Rxa4 28. c3 Rc4 29. Bd4 c5 30. Be5 h5 31. f4 h4 32. Kf2 Kf5 33.
Kf3 Kg6 34. Ke2 Ra4 35. Kf3 Ra2 36. Rb6 Kf5 37. Rb7 Kg6 38. Rb6 Kf7 39. Rb7+ Kg8 40. Rb8 Rd2 41. Ke3 Rd7 42. Ke4 Kf7 43. Rc8 Be7 44. Rc7 Rxc7 45. Bxc7 g6 46. Be5 Ke8 47. Kd3 Kd7 48. Kc4 Kc6 49. Bg7 Bd6 50. Be5 Bxe5 51.
fxe5 g5 52. Kb3 Kd5 53. Ka4 Kxe5 54. Kb5 Kd5 55. Kb6 e5 0-1

[Event "*** Titled Tuesday Blitz"]
[Site "Chess.com"]
[Date "2020.03.03"]
[Round "3"]
[White "Man-Chuk"]
[Black "Leosumant"]
[Result "1-0"]
[WhiteElo "2760"]
[BlackElo "2491"]
[TimeControl "180+1"]
[EndTime "9:29:46 PST"]
[Termination "Man-Chuk won by resignation"]

1. d4 Nf6 2. c4 e5 3. dxe5 Ng4 4. Bf4 Nc6 5. Nc3 Ngxe5 6. e3 Bb4 7. Rc1 O-O 8. a3 Bxc3+ 9. Rxc3 a5 10. b3 b6 11.
Be2 Bb7 12. Nf3 d6 13. O-O Qe7 14. Nd4 Rfd8 15. Bg3 d5 16. cxd5 Rxd5 17. Nxc6 Bxc6 18. Qc2 Rc5 19. Rc1 Nd7 20. Bd3 Rxc3 21. Bxh7+ Kh8 22. Qxc3 Nc5 23. Bb1 Be4 24. Bxe4 Qxe4 25. Bxc7 Nd3 26.
Rd1 Rc8 27. Qxd3 Qxd3 28. Rxd3 Rxc7 29. g4 Rc6 30. a4 Kh7 31. Kg2 g5 32. Kg3 Kg6 33. f4 f5 34. gxf5+ Kxf5 35. Rd5+ Ke4 36. Re5+ Kd3 37. fxg5 Kc3 38. Rb5 Kd3 39. Kf4 Rc2 40. h4 Rf2+ 41. Kg4 Kxe3 42. g6 Rg2+ 43. Kh5 Kf4 44. Rg5 1-0

[Event "*** Titled Tuesday Blitz"]
[Site "Chess.com"]
[Date "2020.03.03"]
[Round "3"]
[White "MishkaFighter"]
[Black "Keaton87"]
[Result "1-0"]
[WhiteElo "2489"]
[BlackElo "2656"]
[TimeControl "180+1"]
[EndTime "9:29:47 PST"]
[Termination "MishkaFighter won by resignation"]

1. Nf3 d5 2. g3 c5 3. Bg2 Nc6 4. d4 e6 5. O-O Nf6 6. c4 dxc4 7. Ne5 Nxe5 8. dxe5 Qxd1 9. Rxd1 Nd7 10. Na3 Nxe5 11.
Nb5 Ke7 12. Be3 Kf6 13. b4 a6 14. Nc7 Rb8 15. bxc5 Kg6 16. Rab1 Ng4 17. Bf4 e5 18. Bd2 Bxc5 19. Nxa6 bxa6 20. Rxb8 Nxf2 21. Bb4 Nxd1+ 22. Bxc5 Nc3 23. Kf2 Nxa2 24. Bd5 Be6 25. Be4+ f5 26. Rxh8 fxe4 27. Ra8 c3 28. Rxa6 c2 29. Be3 Kf7 30.
Ra7+ Kf6 31. Rc7 Nb4 32. Bd2 Nd5 33. Rxc2 h5 34. Be3 g5 35. Rc6 h4 36. Bxg5+ Kxg5 37. Rxe6 hxg3+ 38. Kxg3 Kf5 39. Re8 Nf4 40. Rf8+ Kg5 41.
h4+ Kh5 42. Rxf4 exf4+ 43. Kxf4 1-0

[Event "*** Titled Tuesday Blitz"]
[Site "Chess.com"]
[Date "2020.03.03"]
[Round "3"]
[White "Fandorine"]
[Black "FelixJoseYnojosa"]
[Result "1-0"]
[WhiteElo "2887"]
[BlackElo "2693"]
[TimeControl "180+1"]
[EndTime "9:29:50 PST"]
[Termination "Fandorine won on time"]

1. e4 c5 2. Nf3 Nc6 3. Bb5 e6 4. Bxc6 bxc6 5. b3 Ne7 6. Bb2 Ng6 7. h4 h5 8. e5 f6 9. d3 d5 10. Nbd2 Kf7 11. g3 a5 12. a4 Rb8 13. Qe2 Be7 14. O-O Qc7 15. Rfe1 Qd7 16. exf6 gxf6 17. Ng5+ fxg5 18. Bxh8 Nxh8 19. Qe5 Ng6 20. Qxb8 Bd6 21. Qa8 gxh4 22. Nf3 hxg3 23. fxg3 e5 24. Re2 Kg7 25. Rf1 Qg4 26. Rg2 e4 27. dxe4 dxe4 28. Nh2 Qd7 29. Qxa5 Be5 30. Kh1 Bd4 31. Qe1 e3 32. c3 Be5 33.
Qxe3 Qd5 34. c4 Qd6 35. Nf3 Bh3 36. Ng5 Bxg2+ 37. Kxg2 Bd4 38. Qe6 Qc7 39. Rf7+ 1-0

[Event "*** Titled Tuesday Blitz"]
[Site "Chess.com"]
[Date "2020.03.03"]
[Round "3"]
[White "Boundless_Strike"]
[Black "obliviate12"]
[Result "0-1"]
[WhiteElo "2685"]
[BlackElo "2858"]
[TimeControl "180+1"]
[EndTime "9:29:51 PST"]
[Termination "obliviate12 won on time"]

1. d4 Nf6 2. Nf3 d5 3. e3 e6 4. Bd3 c5 5. b3 Nc6 6. Bb2 cxd4 7.
exd4 Bb4+ 8. c3 Bd6 9. O-O O-O 10. c4 dxc4 11. bxc4 b6 12. Nc3 Bb7 13. Qe2 Rc8 14. Rfd1 Re8 15. Rac1 Bf4 16. Rb1 Nb4 17. Ne5 Nxd3 18.
Qxd3 Qc7 19. Nb5 Qb8 20. Re1 a6 21. Nc3 Red8 22. Rbd1 Qc7 23. Qh3 h6 24. Ne2 Bxe5 25. dxe5 Ne4 26. Ng3 Rxd1 27. Rxd1 Qxc4 28. Nxe4 Qxe4 29.
Qg3 Qe2 30. Qb3 Bd5 31. Qd3 Qxb2 32. Qxa6 Rc1 33. Qe2 Qxe2 34. Rxc1 Qg4 0-1

[Event "*** Titled Tuesday Blitz"]
[Site "Chess.com"]
[Date "2020.03.03"]
[Round "3"]
[White "Endgamegenius"]
[Black "davserr65"]
[Result "0-1"]
[WhiteElo "2298"]
[BlackElo "2039"]
[TimeControl "180+1"]
[EndTime "9:29:51 PST"]
[Termination "davserr65 won on time"]

1. e4 c5 2. Nf3 d6 3. d4 Nf6 4. Nc3 cxd4 5. Nxd4 a6 6. Bg5 e6 7. Qf3 Be7 8. O-O-O Qc7 9. Qg3 Nbd7 10. Be2 b5 11. Be3 Rg8 12. Bxb5 axb5 13. Ndxb5 Qc6 14. Nxd6+ Bxd6 15. Rxd6 Qc4 16. f3 e5 17. Rhd1 Ra6 18. Rxa6 Bxa6 19.
Bg5 Qe6 20. Qf2 Qb6 21. Qd2 Bb7 22. Be3 Qc6 23. a4 Ba6 24. Bg5 Ke7 25. Nd5+ Ke6 26. Qa5 Bc8 27. Nc7+ Ke7 28. Nd5+ Ke6 29. Nc7+ Ke7 30. Qb4+ Kd8 31. Nd5 Ke8 0-1

[Event "*** Titled Tuesday Blitz"]
[Site "Chess.com"]
[Date "2020.03.03"]
[Round "3"]
[White "dlp300"]
[Black "GelmanAlexander"]
[Result "1-0"]
[WhiteElo "2694"]
[BlackElo "2470"]
[TimeControl "180+1"]
[EndTime "9:29:54 PST"]
[Termination "dlp300 won on time"]

1. e4 c5 2. Nf3 e6 3. d4 cxd4 4. Nxd4 d6 5. g3 Nf6 6. Bg2 a6 7. O-O Be7 8. Nc3 Qc7 9. h3 Nc6 10. Nde2 O-O 11. a4 Re8 12. g4 Rb8 13. Ng3 b5 14.
axb5 axb5 15. g5 Nd7 16. f4 b4 17. Nce2 Bf8 18. Kh1 Bb7 19. b3 Rbc8 20. Bb2 d5 21. e5 Nc5 22. h4 d4 23. Nc1 d3 24.
Nxd3 Red8 25. Qe2 Nxd3 26. cxd3 Ne7 27. Ne4 Nf5 28. Rac1 Bxe4 29. Rxc7 Ng3+ 30. Kh2 Nxe2 31. Rxc8 Rxc8 32. dxe4 Rc2 33. Ba1 g6 34. f5 Bc5 35.
Kh3 Nc3 36. Bf3 Bd4 37. Bg4 exf5 38. exf5 Bxe5 39. Rh1 Ne4 40. Bxe5 Nf2+ 41. Kg2 Nxg4+ 42. Kf3 Nxe5+ 43. Ke4 Nd7 44. f6 Nc5+ 45. Kd5 Nxb3 46. Re1 Rc8 47. Rb1 Nc5 48. Rxb4 Ne6 49. Rb7 h6 50.
gxh6 Rc5+ 51. Kd6 Rf5 52. Ke7 1-0

[Event "*** Titled Tuesday Blitz"]
[Site "Chess.com"]
[Date "2020.03.03"]
[Round "3"]
[White "MathiasWomacka"]
[Black "bangchess21"]
[Result "1/2-1/2"]
[WhiteElo "2410"]
[BlackElo "2595"]
[TimeControl "180+1"]
[EndTime "9:29:54 PST"]
[Termination "Game drawn by repetition"]

1. e4 c5 2. Nf3 g6 3. d4 cxd4 4. Nxd4 Nc6 5. c4 Bg7 6. Be3 Nf6 7. Nc3 Ng4 8. Qxg4 Nxd4 9. Qd1 e5 10. Bd3 O-O 11. O-O b6 12. Qd2 Bb7 13. f4 exf4 14. Bxf4 d6 15. Rad1 Ne6 16. Be3 Be5 17. Ne2 Nc5 18. Bg5 Qd7 19. Nc3 Ne6 20. Bh6 Rfe8 21. Bb1 Qe7 22. Rf3 Rac8 23. Rdf1 f6 24. b3 Nd4 25. R3f2 a6 26. Be3 Ne6 27. Bxb6 Nc5 28. b4 Bxc3 29. Qxc3 Na4 30. Qd4 Bxe4 31. Bxe4 Qxe4 32.
Qxf6 Nxb6 33. Qf7+ Kh8 34. Qf6+ Kg8 35. Qf7+ Kh8 36.
Qf6+ Kg8 1/2-1/2

[Event "*** Titled Tuesday Blitz"]
[Site "Chess.com"]
[Date "2020.03.03"]
[Round "3"]
[White "Fighterman91"]
[Black "DishonorOnYourCow"]
[Result "0-1"]
[WhiteElo "2750"]
[BlackElo "2298"]
[TimeControl "180+1"]
[EndTime "9:29:55 PST"]
[Termination "DishonorOnYourCow won by resignation"]

1. e4 e5 2. Nf3 Nc6 3. Bb5 Nf6 4. d3 Bc5 5. Bxc6 dxc6 6. O-O Nd7 7. Bg5 f6 8. Bh4 O-O 9. c3 Re8 10. d4 exd4 11.
cxd4 Bf8 12. Nc3 c5 13. Qb3+ Kh8 14. Rad1 cxd4 15. Nxd4 Nc5 16. Qc2 Qe7 17. b4 Ne6 18. Nd5 Qf7 19. Nf5 c6 20. Nde3 Bxb4 21. Nc4 Qh5 22. Bg3 Ng5 23. Nfd6 Bxd6 24. Nxd6 Rf8 25.
h4 Nf7 26. Nxf7+ Qxf7 27. f3 Be6 28. Rd2 Rac8 29. Rfd1 c5 30. Qb2 b6 31. Bd6 Rfe8 32.
Bf4 c4 33. Qc3 b5 34. a3 Qb7 35. Be3 Ra8 36. h5 a5 37. h6 b4 38. hxg7+ Kxg7 39. axb4 axb4 40. Qd4 c3 41. Rf2 Rad8 42. Qxd8 Rxd8 43.
Rxd8 b3 44. e5 b2 45. exf6+ Kf7 46. Rd1 b1=Q 47. Rxb1 Qxb1+ 48. Kh2 c2 49. Rf1 Qxf1 0-1

[Event "*** Titled Tuesday Blitz"]
[Site "Chess.com"]
[Date "2020.03.03"]
[Round "3"]
[White "DonPreuss"]
[Black "Babas"]
[Result "0-1"]
[WhiteElo "2186"]
[BlackElo "2386"]
[TimeControl "180+1"]
[EndTime "9:29:56 PST"]
[Termination "Babas won by checkmate"]

1. d4 Nf6 2. Nc3 d5 3. e4 dxe4 4. f3 exf3 5. Nxf3 Bg4 6. h3 Bh5 7. g4 Bg6 8. Ne5 e6 9. Qf3 c6 10.
g5 Nd5 11. Bd3 Qc7 12. Nxd5 cxd5 13. Bf4 Bd6 14. O-O-O Nc6 15. Bxg6 hxg6 16. Rhf1 Rf8 17. Rfe1 O-O-O 18. Rd3 Kb8 19. Kb1 Ka8 20. Nxc6 bxc6 21. Bxd6 Qxd6 22. Rc3 Rd7 23. Rc5 Rb8 24. Re3 Rdb7 25.
Rb3 e5 26. Qc3 exd4 27. Qxd4 Rxb3 28. axb3 f6 29. Qc3 Rb6 30. b4 Kb7 31. Qa3 Rb5 32. Rxb5+ cxb5 33. Qa5 a6 34. c3 f5 35. Qa3 d4 36.
Qb3 d3 37. Qd1 Qd5 38. Qd2 Qe4 39. b3 f4 40. Kc1 f3 41. Qf2 Qe2 42. Qd4 Qc2# 0-1

[Event "*** Titled Tuesday Blitz"]
[Site "Chess.com"]
[Date "2020.03.03"]
[Round "3"]
[White "Ariadna_Atreides"]
[Black "IsaiahMcIntosh"]
[Result "0-1"]
[WhiteElo "2113"]
[BlackElo "2363"]
[TimeControl "180+1"]
[EndTime "9:30:01 PST"]
[Termination "IsaiahMcIntosh won on time"]

1. d4 Nf6 2. Nf3 g6 3. c4 Bg7 4.
Nc3 d5 5. cxd5 Nxd5 6. Na4 Nf6 7. Qc2 Nc6 8. e3 O-O 9. Bd3 Nb4 10. Qb1 Nxd3+ 11.
Qxd3 b6 12. Nc3 Bb7 13. O-O c5 14. Rd1 cxd4 15. Nxd4 a6 16. Nf3 Qc7 17. Qe2 Rfd8 18. Bd2 Ng4 19. h3 Ne5 20. Nxe5 Qxe5 21. f4 Qe6 22.
Be1 b5 23. a3 Rdc8 24. Rac1 Rc4 25. Nb1 Re4 26. Bf2 h5 27. Rc7 Bd5 28. Qd2 Bb3 29.
Rdc1 Bc4 30. Nc3 Bxc3 31. Qxc3 Rd8 32. Qa5 Rd3 33. Ra7 Rd6 34. Ra8+ Kg7 35. Qc7 Rxe3 36. a4 Re2 0-1

[Event "*** Titled Tuesday Blitz"]
[Site "Chess.com"]
[Date "2020.03.03"]
[Round "3"]
[White "sergoy"]
[Black "boasovietica"]
[Result "0-1"]
[WhiteElo "2758"]
[BlackElo "2515"]
[TimeControl "180+1"]
[EndTime "9:30:03 PST"]
[Termination "boasovietica won on time"]

1. e4 c5 2. Nf3 Nc6 3. Bb5 e6 4. Bxc6 bxc6 5. O-O Ne7 6. d3 d6 7. b3 e5 8. Nbd2 Ng6 9. Bb2 Be7 10. Nc4 O-O 11. Ne3 Nf4 12. Re1 g6 13. c3 Bf6 14.
d4 cxd4 15. cxd4 exd4 16. Bxd4 Bb7 17. Qd2 c5 18. Bxf6 Qxf6 19. Ng4 Nh3+ 20. Kh1 Qf4 21. Ne3 Bxe4 22. Nd5 Qxd2 23. Ne7+ Kg7 24. Nxd2 Bb7 25. f3 Nf4 26. Nc4 Rad8 27. Rad1 d5 28. Na5 Ba8 29.
Nec6 Rd6 30. Ne5 Re8 31. g3 Ne6 32. Nd3 Red8 33. Kg2 Ra6 34. b4 cxb4 35. Nb3 Rxa2+ 36. Kg1 Ng5 37. Nd4 Rc8 38. h4 Rc4 0-1

[Event "*** Titled Tuesday Blitz"]
[Site "Chess.com"]
[Date "2020.03.03"]
[Round "3"]
[White "Bulldog167"]
[Black "Indianlad"]
[Result "1/2-1/2"]
[WhiteElo "2741"]
[BlackElo "2952"]
[TimeControl "180+1"]
[EndTime "9:30:05 PST"]
[Termination "Game drawn - insufficient material"]

1. d4 Nf6 2. c4 g6 3. Nc3 Bg7 4. e4 O-O 5. h3 c5 6. d5 d6 7.
Nf3 Na6 8. Bd3 e6 9. O-O e5 10. a3 Nh5 11. Re1 Nf4 12. Bxf4 exf4 13. e5 dxe5 14.
Nxe5 Nc7 15. Qd2 g5 16. Qc2 h6 17. Bh7+ Kh8 18. Bf5 Ne8 19. Bxc8 Rxc8 20. Rad1 Nd6 21.
Nb5 a6 22. Nxd6 Qxd6 23. Qf5 Kg8 24. Re2 Rce8 25. Rde1 Re7 26. Nd3 Rxe2 27. Rxe2 b5 28. b3 Rb8 29. Ne5 Bxe5 30. Qxe5 Qxe5 31. Rxe5 bxc4 32.
bxc4 Rb1+ 33. Kh2 Rc1 34. d6 Rd1 35. Rxc5 Rxd6 36. Ra5 Kg7 37. f3 Rd4 38. Rxa6 Rxc4 39. h4 Rc1 40. hxg5 hxg5 41. a4 f5 42. Rb6 g4 43. fxg4 fxg4 44. Rb4 Rf1 45. g3 Rf2+ 46.
Kg1 fxg3 47. Rxg4+ Kf6 48. Rxg3 Ra2 49. Rg4 Ke5 50.
Rh4 Kd5 51. a5 Kc5 52. Rh5+ Kb4 53. Kf1 Rxa5 54. Rxa5 Kxa5 1/2-1/2

[Event "*** Titled Tuesday Blitz"]
[Site "Chess.com"]
[Date "2020.03.03"]
[Round "3"]
[White "Elshan1985"]
[Black "Jospem"]
[Result "0-1"]
[WhiteElo "2729"]
[BlackElo "2921"]
[TimeControl "180+1"]
[EndTime "9:30:05 PST"]
[Termination "Jospem won by resignation"]

1. d4 Nf6 2. c4 e6 3. Nf3 Bb4+ 4. Nbd2 O-O 5. a3 Be7 6. e4 d6 7. b3 c5 8. Bb2 cxd4 9. Nxd4 a6 10. Be2 b6 11.
O-O Bb7 12. Qc2 Nbd7 13. Rad1 Rc8 14. Qb1 Rc7 15. Rfe1 Qa8 16. Bf1 Re8 17. f3 Bf8 18. Kh1 h6 19. Nc2 Rec8 20. Ne3 Bc6 21. a4 Qb7 22.
Nd5 Bxd5 23. exd5 e5 24. f4 Re8 25. Qf5 Qc8 26. fxe5 Nxe5 27. Qxc8 Rcxc8 28. Nf3 Nfd7 29. Nd4 a5 30. g3 Nc5 31. Bh3 Ned3 32. Bxc8 Nxe1 33.
Bf5 g6 34. Bc3 Nf3 35. Nxf3 Re3 36. Bd4 Rxf3 37. Bxc5 bxc5 38. Bd3 Bg7 39. Kg2 Re3 40. Kf1 Bc3 41. Bc2 Bb4 42. Bd3 Kg7 43. Kf2 Re7 44. Rc1 Ba3 45. Rc2 Rb7 46. h4 Rxb3 47. Be2 Bb2 48.
h5 Bd4+ 49. Kg2 Be5 50. g4 Ra3 51. hxg6 fxg6 52. Rc1 Rxa4 53. Rb1 Rb4 54. Rxb4 cxb4 55. Bd1 Kf6 56. Kf3 h5 57. gxh5 gxh5 58. Ke4 h4 59. Bf3 a4 0-1

[Event "*** Titled Tuesday Blitz"]
[Site "Chess.com"]
[Date "2020.03.03"]
[Round "3"]
[White "vladimirdamjanovic"]
[Black "Micki-taryan"]
[Result "0-1"]
[WhiteElo "2636"]
[BlackElo "3005"]
[TimeControl "180+1"]
[EndTime "9:30:06 PST"]
[Termination "Micki-taryan won by resignation"]

1. e4 e5 2. Nc3 Nf6 3. Bc4 Bb4 4.
Nge2 O-O 5. O-O c6 6. d4 exd4 7. Qxd4 c5 8. Qd3 Nc6 9. f4 d6 10. Nd5 Ba5 11. c3 a6 12. Ng3 Be6 13. a4 Bxd5 14.
Bxd5 Nxd5 15. exd5 Nb8 16. f5 Nd7 17. f6 Nxf6 18. Bg5 c4 19. Qxc4 Qb6+ 20. Kh1 Nd7 21.
b4 Qc7 22. Qf4 Bb6 23. Be7 Ne5 24. Nf5 Ng6 25. Qxd6 Rfc8 26. a5 Ba7 27. Rac1 Qc4 28. Qg3 Qxd5 29. h4 h5 30. Qg5 Qe4 31. Rce1 Qg4 32. Qxg4 hxg4 33. h5 Nf8 34. Bxf8 Kxf8 35. Nd6 Rc7 36. Re4 Rd8 37. Rfe1 Kg8 38. Re8+ Rxe8 39.
Rxe8+ Kh7 40. Ne4 Be3 41. Kh2 f5 42. Nf6+ gxf6 43. Rxe3 Kh6 44. Kg3 Kg5 45. Rd3 f4+ 46. Kf2 Kxh5 47. Rd5+ Kg6 48. Rd4 Kf5 49. c4 Ke5 50.
Rd5+ Ke4 51. Rd6 Rxc4 52. Rxf6 g3+ 53. Kf1 Rc1+ 54. Ke2 Rg1 55. Re6+ Kf5 56. Rb6 Rxg2+ 57. Kd3 Ra2 58. Rxb7 g2 59. Rg7 Ra3+ 60. Kc4 Rg3 0-1

[Event "*** Titled Tuesday Blitz"]
[Site "Chess.com"]
[Date "2020.03.03"]
[Round "3"]
[White "Irishchessman16"]
[Black "Philosopherrr"]
[Result "0-1"]
[WhiteElo "2183"]
[BlackElo "2385"]
[TimeControl "180+1"]
[EndTime "9:30:06 PST"]
[Termination "Philosopherrr won on time"]

1. e4 e5 2. Nf3 Nc6 3. d4 exd4 4. Nxd4 Qf6 5. Nf3 Bd6 6. Nc3 Nge7 7. Nb5 Bb4+ 8. Bd2 Bxd2+ 9. Qxd2 O-O 10. O-O-O d5 11.
exd5 Ne5 12. Nxc7 Nxf3 13. gxf3 Rb8 14. d6 Nc6 15. Bg2 Bd7 16. Rhe1 Rbd8 17. Nd5 Qh4 18. Re4 Qh5 19. f4 Be6 20. Nc7 Bf5 21. Re5 Qg6 22.
Bxc6 bxc6 23. Re3 Qf6 24. Rg3 Rb8 25. c3 Rfd8 26. Qd4 Qh6 27. Rdg1 g6 28. h4 c5 29. Qxc5 Qxf4+ 30. Qe3 Qxd6 31. h5 Qxc7 32. hxg6 hxg6 33. Rh1 Rd3 34. Qh6 Qe5 35. Qh7+ Kf8 36. Rxd3 Ke7 37.
Re3 Be4 38. Qh4+ g5 39. Qxe4 f6 40. Qxe5+ fxe5 0-1

[Event "*** Titled Tuesday Blitz"]
[Site "Chess.com"]
[Date "2020.03.03"]
[Round "3"]
[White "Zarikovs1999"]
[Black "burbur555"]
[Result "0-1"]
[WhiteElo "2366"]
[BlackElo "2596"]
[TimeControl "180+1"]
[EndTime "9:30:07 PST"]
[Termination "burbur555 won on time"]

1. e4 d5 2. exd5 Qxd5 3. Nc3 Qd6 4.
d4 c6 5. h3 Nf6 6. Nf3 Bf5 7.
Bd3 Bxd3 8. Qxd3 Nbd7 9. O-O e6 10. Ne4 Nxe4 11. Qxe4 Nf6 12. Qe2 Be7 13. g3 O-O 14. Bf4 Qd5 15. c4 Qe4 16. Qxe4 Nxe4 17. Rfe1 Nf6 18.
Rad1 Rfd8 19. Bc7 Rd7 20. Ba5 b6 21. Bc3 Rc8 22. Ne5 Rdd8 23. Kg2 Kf8 24. f4 Ne8 25. Nf3 Nc7 26. b3 f6 27. a4 Kf7 28. Rd2 Rd7 29.
Red1 a6 30. g4 b5 31. Nh4 Rb8 32. f5 bxc4 33. bxc4 Rb3 34. fxe6+ Nxe6 35. d5 cxd5 36. cxd5 Nf4+ 37. Kf3 Rxc3+ 38. Kxf4 g5+ 39. Kf5 gxh4 40. d6 Bf8 41. g5 Rc5+ 42. Rd5 Rxd5+ 43. Rxd5 Rxd6 44.
Rc5 fxg5 45. Kxg5 Rg6+ 46. Kxh4 Bxc5 47. a5 Be7+ 48. Kh5 Rg3 49. h4 Bb4 50. Kh6 Bxa5 51. h5 Bc7 52. Kxh7 a5 53. h6 a4 54. Kh8 Rg6 55. Kh7 a3 56. Kh8 a2 57. Kh7 Bd6 58. Kh8 Bf8 0-1

[Event "*** Titled Tuesday Blitz"]
[Site "Chess.com"]
[Date "2020.03.03"]
[Round "3"]
[White "Lagravesamuell"]
[Black "Parhamov"]
[Result "0-1"]
[WhiteElo "2643"]
[BlackElo "3054"]
[TimeControl "180+1"]
[EndTime "9:30:08 PST"]
[Termination "Parhamov won by resignation"]

1. d4 Nf6 2. c4 e6 3. g3 d5 4. Bg2 Be7 5. Nf3 O-O 6. O-O Nbd7 7.
Qc2 c6 8. Nbd2 b6 9. e4 dxc4 10. Nxc4 Bb7 11. Rd1 c5 12. Nfe5 cxd4 13. Rxd4 Qc7 14.
Bf4 Nxe5 15. Bxe5 Qc5 16. b4 Qxb4 17. Nd6 Qa5 18. Bxf6 Bxf6 19. Nxb7 Qa6 20. e5 Bxe5 21. Rh4 g6 22. Rd1 Rac8 23. Qd2 Bf6 24. Rh3 Qa4 25. Bf3 h5 26. Qh6 Bg7 27. Qg5 Rc3 28. Bxh5 gxh5 29. Qxh5 Rfc8 30. Nd6 Qxd1+ 31. Qxd1 Rc1 32. Nxc8 Rxd1+ 33. Kg2 Rd2 34. Nxa7 Bd4 35. Rh4 Rxf2+ 36. Kh3 Bc5 37. Nb5 Rxa2 38. Rc4 Bg1 39. Kg4 Rxh2 40. Nd6 Bc5 41. Nb7 Be7 42. Rc7 Kf8 43. Rc8+ Kg7 44.
Rb8 Rd2 45. Kf3 Rd7 46. Ke4 f5+ 47. Ke5 Kf7 48. Kf4 Kf6 49. Kf3 e5 50. Ke3 Ke6 51.
Kf3 Kd5 52. Ke3 Kc6 0-1